[Event "*** SCC Grand Prix: Titled Tuesday Blitz"]
[Site "Chess.com"]
[Date "2020.08.25"]
[Round "8"]
[White "grandcoach"]
[Black "niki_2003"]
[Result "0-1"]
[WhiteElo "2081"]
[BlackElo "1706"]
[TimeControl "180+1"]
[EndTime "11:37:40 PDT"]
[Termination "niki_2003 won on time"]

1. e4 c5 2. b4 cxb4 3. a3 e6 4. axb4 Bxb4 5. c3 Bf8 6. d4 d5 7. e5 Nc6 8. Bd3 f6 9. Nf3 g6 10. Na3 fxe5 11. dxe5 Bg7 12. Qe2 Nge7 13. Nb5 O-O 14. O-O a6 15. Nbd4 Qc7 16. Re1 Bd7 17. Ba3 Rf7 18. Bd6 Qd8 19. Ng5 Rf4 20. Ngxe6 Nxd4 21. Nxd8 Nxe2+ 22. Rxe2 Rxd8 23. Bxe7 Re8 24. Bg5 Rff8 25. Rae1 Be6 26. Bc1 b5 27. Ba3 Rf7 28. Bd6 Rc8 29. Rc2 Bf8 30. Ra1 Rc6 31. g3 Bxd6 32.
exd6 Rxd6 33. Rca2 Bc8 34. Re1 Rc7 35. Ra3 Kf7 36. f4 Rdc6 37. Re5 Be6 38. f5 gxf5 39. Bxf5 Kf6 40. Rxe6+ Kxf5 41. Rxc6 Rxc6 42. Kf2 Ke4 43. Ke2 h5 44. Rb3 Rc5 45. Rb4+ Rc4 46. Rb3 Ke5 47. Kd3 h4 48. Rb2 hxg3 49. hxg3 Rg4 50. Re2+ Kd6 51. Re3 Kc5 52. Rf3 Rg6 53. Kc2 a5 54.
Kb3 Rg4 55. Rf8 Rxg3 56. Rc8+ Kb6 57. Rb8+ Ka6 58. Rd8 b4 59. Rd6+ Kb7 60. Rxd5 Rxc3+ 61. Ka4 Ra3+ 62. Kb5 b3 63. Rd3 b2 0-1

[Event "*** SCC Grand Prix: Titled Tuesday Blitz"]
[Site "Chess.com"]
[Date "2020.08.25"]
[Round "8"]
[White "Kaliopa"]
[Black "VladaSviridova"]
[Result "0-1"]
[WhiteElo "2184"]
[BlackElo "2292"]
[TimeControl "180+1"]
[EndTime "11:37:41 PDT"]
[Termination "VladaSviridova won by resignation"]

1. d4 d5 2. c4 c6 3. Nc3 Nf6 4. e3 e6 5. Nf3 Nbd7 6. Bd3 Bd6 7. e4 dxe4 8. Nxe4 Nxe4 9. Bxe4 Nf6 10. Bc2 O-O 11. O-O c5 12. h3 b6 13. Be3 Bb7 14.
dxc5 Bxc5 15. Bxc5 bxc5 16. Qe2 Bxf3 17. Qxf3 Qd2 18.
Rac1 Rab8 19. b3 Qa5 20. Ra1 Rfd8 21. Qe3 Rd2 22. Rac1 Rbd8 23. Rfd1 Rxc2 24. Rxd8+ Qxd8 25. Rxc2 Qd1+ 26. Kh2 Qxc2 27. Qxc5 h5 28. Qxa7 Ne4 29. f3 Ng5 30. Qe3 f6 31. a4 h4 32. a5 e5 33.
a6 e4 34. a7 Nxf3+ 35. Qxf3 exf3 36. a8=Q+ Kh7 37. Qxf3 Qb2 38. Qe4+ Kg8 39. Qe8+ Kh7 40. Qh5+ Kg8 41. Qd5+ Kh7 42. c5 Qf2 43. Qd3+ f5 44. c6 Qc5 45. Qc4 Qe5+ 46. Kg1 Qe1+ 47. Qf1 Qe3+ 48.
Kh1 Qxb3 49. Qxf5+ g6 50. Qd7+ Kh6 51. c7 Qb1+ 52. Kh2 Qe1 53. Qf7 Qg3+ 54. Kg1 Qe1+ 55.
Qf1 Qe3+ 56. Qf2 Qc1+ 57. Qf1 Qe3+ 58. Kh1 Qc3 59. Qf4+ g5 60. Qxh4+ gxh4 0-1

[Event "*** SCC Grand Prix: Titled Tuesday Blitz"]
[Site "Chess.com"]
[Date "2020.08.25"]
[Round "8"]
[White "okriak"]
[Black "Dinamo3"]
[Result "1-0"]
[WhiteElo "2704"]
[BlackElo "2480"]
[TimeControl "180+1"]
[EndTime "11:37:42 PDT"]
[Termination "okriak won by resignation"]

1. e4 c6 2. d4 d5 3. Nc3 dxe4 4.
Nxe4 Bf5 5. Ng3 Bg6 6. h4 h6 7.
Nf3 Nd7 8. h5 Bh7 9. Bd3 Bxd3 10. Qxd3 e6 11. Bd2 Ngf6 12. O-O-O Be7 13. Ne4 Nxe4 14. Qxe4 Nf6 15. Qe2 Qd5 16. Kb1 O-O 17. Ne5 c5 18. dxc5 Qe4 19. Qxe4 Nxe4 20. Be3 Bxc5 21.
Bxc5 Nxc5 22. Rd4 Rfc8 23. Rhd1 a5 24. c3 b5 25. g4 Rab8 26. a3 a4 27. Kc2 Kf8 28.
Nd7+ Nxd7 29. Rxd7 Ke8 30. R1d4 Rc4 31. Rxc4 bxc4 32.
Rc7 Rb5 33. Rxc4 f5 34. f3 Ra5 35. Rc7 fxg4 36. fxg4 Rg5 37. Rc4 Ra5 38. Kd3 Ke7 39. Ke4 Kf6 40. Kf4 Rb5 41. Rb4 Ra5 42. c4 e5+ 43.
Kf3 Kg5 44. Rb5 Ra6 45. Rxe5+ Kf6 46. Rf5+ Ke6 47. Rb5 Kf6 48. c5 Ke5 49. Rb7 Kd4 50. Rxg7 Rf6+ 51. Kg3 Ke3 52. Rg6 Rf3+ 53. Kh4 Rf2 54. Rxh6 Rxb2 55. Ra6 Rb5 56. Rxa4 Rxc5 57. h6 Rc6 58. Kh5 Rc5+ 59. g5 Rc7 60. g6 Rc5+ 61. Kg4 Rc1 62. g7 Rg1+ 63. Kf5 Rf1+ 64. Kg5 Rg1+ 65.
Rg4 Rc1 66. g8=Q Rc5+ 67. Kh4 1-0

[Event "*** SCC Grand Prix: Titled Tuesday Blitz"]
[Site "Chess.com"]
[Date "2020.08.25"]
[Round "8"]
[White "attack2mateU"]
[Black "jefferyx"]
[Result "0-1"]
[WhiteElo "2721"]
[BlackElo "2918"]
[TimeControl "180+1"]
[EndTime "11:37:43 PDT"]
[Termination "jefferyx won by resignation"]

1. e4 c5 2. Nf3 e6 3. d4 cxd4 4. Nxd4 Nc6 5. Nc3 a6 6. Be3 Nf6 7. Be2 Bb4 8. O-O Qc7 9. Na4 b5 10. Nxc6 dxc6 11. Nc5 O-O 12. c3 Rd8 13. Qc2 Bxc5 14.
Bxc5 Nd7 15. Be3 c5 16. a4 Rb8 17. axb5 axb5 18. Rfd1 Bb7 19. f3 Bc6 20. Rd2 b4 21. cxb4 Rxb4 22. Bxc5 Nxc5 23. Rxd8+ Qxd8 24. Qxc5 Qb6 25. Qxb6 Rxb6 26. Ra6 Rxa6 27. Bxa6 Kf8 28. Kf2 Ke7 29. Ke3 Kd6 30. Kd4 e5+ 31. Kc4 Bd7 32. b4 Be6+ 33. Kc3 f6 34. Bc4 Bd7 35. g3 h6 36. Kd2 Be8 37. Ke3 Bd7 38. f4 g5 39. fxg5 fxg5 40. h4 gxh4 41. gxh4 Bg4 42. Be2 Be6 43. Kd3 Kc6 44. Kc3 Kb6 45. Bc4 Bd7 46.
Kd3 Bc8 47. Ke3 Bg4 48. Kf2 Bc8 49. Kg3 Bd7 50. Be2 Be6 51. Bg4 Bc4 52. Bd7 Be2 53.
Kf2 Bc4 54. Kf3 Bd3 55. b5 Bc2 56. Bc6 Bd1+ 57. Ke3 Bg4 58. Kd3 Be6 59. Kc3 Kc5 60.
Kd3 Bc4+ 61. Ke3 Bxb5 62. Bxb5 Kxb5 63. Kf3 Kc4 64. Kg4 Kd4 65. Kh5 Kxe4 66. Kxh6 Kf5 67. h5 e4 68. Kg7 e3 69. h6 e2 70. h7 e1=Q 71. h8=Q Qe7+ 72. Kg8 Kg6 0-1

[Event "*** SCC Grand Prix: Titled Tuesday Blitz"]
[Site "Chess.com"]
[Date "2020.08.25"]
[Round "8"]
[White "Oleksandr_Bortnyk"]
[Black "AlexeiShirov"]
[Result "1-0"]
[WhiteElo "2943"]
[BlackElo "2741"]
[TimeControl "180+1"]
[EndTime "11:37:44 PDT"]
[Termination "Oleksandr_Bortnyk won on time"]

1. d4 d5 2. Nc3 e6 3. Bf4 Nf6 4. Nb5 Na6 5. e3 c6 6. Nc3 Bb4 7. Bxa6 bxa6 8. Ne2 O-O 9. O-O a5 10. a3 Be7 11. Ng3 Qb6 12. Rb1 Ba6 13. Re1 c5 14.
Na4 Qc6 15. Nxc5 Bxc5 16. dxc5 Qxc5 17. e4 Rfd8 18. e5 Ne8 19. c3 Rab8 20. Be3 Qc7 21. Nh5 Bc4 22. Qd4 Rb7 23. b4 axb4 24. axb4 a5 25.
bxa5 Rxb1 26. Rxb1 Qxa5 27. h3 Qc7 28. Ra1 Rb8 29. Qg4 Kh8 30. Bd4 Bd3 31. Kh2 Bg6 32.
Ng3 Kg8 33. h4 h6 34. h5 Bh7 35. Qe2 Qc4 36. Qxc4 dxc4 37. Ra7 Bd3 38. f3 Rc8 39. Ne4 Bxe4 40. fxe4 Nc7 41. Ra5 Ne8 42. Kg3 g6 43. hxg6 fxg6 44. Ra7 Ng7 45. Kf3 Rf8+ 46. Ke3 Nh5 47.
g4 Nf4 48. Bc5 Ng2+ 49. Kd4 Rf4 50. Re7 Rxg4 51. Rxe6 h5 52. Re8+ Kf7 53. Re7+ Kg8 54. e6 Nf4 55. Bd6 Ne2+ 56. Kxc4 h4 57. Kd3 Nf4+ 58.
Ke3 h3 59. Re8+ Kh7 60. Be5 g5 61. Rh8+ Kg6 62. e7 Rg3+ 63. Kd2 Rg2+ 64. Kd1 Rg1+ 65. Kc2 Rg2+ 66. Kb3 1-0

[Event "*** SCC Grand Prix: Titled Tuesday Blitz"]
[Site "Chess.com"]
[Date "2020.08.25"]
[Round "8"]
[White "Supernotar"]
[Black "Vesper2018"]
[Result "1/2-1/2"]
[WhiteElo "2725"]
[BlackElo "2590"]
[TimeControl "180+1"]
[EndTime "11:37:44 PDT"]
[Termination "Game drawn by repetition"]

1. d4 Nf6 2. c4 g6 3. Nc3 Bg7 4. e4 d6 5. Be2 O-O 6. Nf3 e5 7. O-O Nc6 8. d5 Ne7 9. Ne1 Nd7 10. Be3 f5 11. f3 f4 12. Bf2 g5 13. a4 a5 14. Nd3 b6 15. b4 axb4 16. Nxb4 Nc5 17.
Nc6 Nxc6 18. dxc6 Ne6 19. Nd5 Nd4 20. Bxd4 exd4 21. Bd3 Be6 22. a5 Rxa5 23. Rxa5 bxa5 24. Qa4 Bxd5 25. cxd5 Qa8 26. Ra1 Rb8 27. Qxa5 Qxa5 28. Rxa5 Rb3 29. Bc2 Rc3 30. Ra2 d3 31. Bd1 Bd4+ 32.
Kf1 Be3 33. Ke1 Kf7 34. Rb2 Bb6 35. Rb3 Ba5 36. Kf1 Kf6 37. Rxc3 Bxc3 38. Ba4 Ke5 39. Bb3 Kd4 40. Kf2 Bb4 41. Ba4 Ba5 42. Bd1 Kc3 43. Ba4 Kd2 44. Bb3 Kc1 45. Ba4 Kd2 46. Bb3 Bb6+ 47. Kf1 Kc1 48. Ba4 h5 49. h3 Kd2 50. Bb3 Ke3 51. Ba4 g4 52. hxg4 hxg4 53. fxg4 Kxe4 54. Bb5 Bd4 55. g5 d2 56. Ke2 Bc3 57.
g6 Kf5 58. g7 Bxg7 59. Kxd2 Ke4 60. Bc4 Kd4 61. Ba2 Be5 62. Ke2 Ke4 63. Kf2 Bf6 64. Ke2 Be5 65. Bb3 Bf6 66. Ba2 Be5 1/2-1/2

[Event "*** SCC Grand Prix: Titled Tuesday Blitz"]
[Site "Chess.com"]
[Date "2020.08.25"]
[Round "8"]
[White "NiranjanNavalgund"]
[Black "Savva09022009"]
[Result "0-1"]
[WhiteElo "2425"]
[BlackElo "2332"]
[TimeControl "180+1"]
[EndTime "11:37:46 PDT"]
[Termination "Savva09022009 won by checkmate"]

1. e4 c5 2. d4 cxd4 3. c3 dxc3 4.
Bc4 e6 5. Nf3 a6 6. O-O Ne7 7.
Nxc3 Ng6 8. Bg5 Be7 9. Bxe7 Qxe7 10. e5 Nc6 11. Qe2 O-O 12. Rad1 b5 13. Bd3 Nf4 14.
Bxh7+ Kxh7 15. Qe4+ Ng6 16. h4 Kg8 17. h5 Nh8 18.
Qg4 f5 19. exf6 Qxf6 20. Rfe1 Qf4 21. Qh3 Nf7 22. Re4 Qf6 23. Rg4 d6 24. Ne4 Qf5 25. h6 Nxh6 26. Qxh6 Qxg4 27. Qe3 Rxf3 28. Qxf3 Qxf3 29.
gxf3 d5 30. Nc5 Kf7 31. Kg2 Ne5 32. f4 Nc4 33. b3 Nd6 34. Rc1 Ke7 35. Kf3 Bd7 36.
b4 Rc8 37. Rg1 Nf5 38. Nxa6 Rc3+ 39. Ke2 Rc2+ 40. Kf3 Rxa2 41. Nc5 Ra3+ 42. Ke2 Ra2+ 43. Kf3 Rb2 44. Ra1 Nd4+ 45. Kg3 Nc6 46. Ra8 Rxb4 47.
Rg8 Kf7 48. Ra8 Be8 49. Nb7 Rb3+ 50. Kg4 Ke7 51. Nc5 Rb1 52. Ra2 Kf6 53. Ra8 Ke7 54. Ra2 b4 55. Re2 Bf7 56. f5 e5 57. f4 e4 58. Ra2 Kd6 59. Nb7+ Kc7 60. Nc5 Kb6 61.
Nd7+ Kb5 62. Ne5 Nxe5+ 63. fxe5 b3 64. Ra8 b2 65. Rb8+ Kc6 66. e6 Bxe6 67. fxe6 Kd6 68.
Rb6+ Ke7 69. Kf4 g5+ 70. Ke5 e3 71. Rb7+ Kf8 72. Kd6 Ra1 73. Rb8+ Kg7 74. e7 Ra6+ 75. Ke5 b1=Q 76. Rxb1 Kf7 77. Rb7 Re6+ 78. Kxd5 Rxe7 79. Rb1 e2 80. Re1 g4 81. Kd4 g3 82. Kd3 g2 83.
Kd2 Kf6 84. Rg1 e1=Q+ 85. Rxe1 Rxe1 86. Kxe1 g1=Q+ 87. Ke2 Ke5 88. Kf3 Kd4 89. Ke2 Qg2+ 90. Ke1 Kd3 91. Kd1 Qg1# 0-1

[Event "*** SCC Grand Prix: Titled Tuesday Blitz"]
[Site "Chess.com"]
[Date "2020.08.25"]
[Round "8"]
[White "Efremov_Vlad"]
[Black "karwowskikacper"]
[Result "1/2-1/2"]
[WhiteElo "2210"]
[BlackElo "2392"]
[TimeControl "180+1"]
[EndTime "11:37:46 PDT"]
[Termination "Game drawn by repetition"]

1. Nf3 Nf6 2. d4 g6 3. Bg5 Bg7 4. c3 O-O 5. Nbd2 d6 6. e4 Nbd7 7. Bd3 e5 8. O-O h6 9. Bxf6 Qxf6 10. a4 b6 11. a5 exd4 12. cxd4 g5 13. axb6 Nxb6 14.
e5 dxe5 15. dxe5 Qf4 16. Be4 Rb8 17. Rxa7 Bg4 18. Re1 Bxe5 19. h3 Bxf3 20. Nxf3 Bxb2 21. Qc2 Bg7 22. Qxc7 Qxc7 23. Rxc7 Rbe8 24. Bc6 Rxe1+ 25. Nxe1 Nc8 26. Bd5 Nd6 27. Nf3 Bf6 28. Rd7 Rd8 29. Rxd8+ Bxd8 30. Nd4 Bf6 31. Ne2 Kg7 32. Ng3 Be5 33.
Ne4 Nf5 34. Nd2 Bf4 35. Nf3 Kf6 36. Be4 h5 37. g3 Bc7 38. Bxf5 Kxf5 39. Kg2 f6 40. Ne1 Ke4 41. Nf3 Ba5 42. Nh2 Bc3 43. Nf1 Bd4 44. Nh2 f5 45. f3+ Ke3 46. Nf1+ Ke2 47.
Nh2 f4 48. gxf4 gxf4 49. Nf1 Bc3 50. Nh2 Be1 51. Nf1 Kd3 52. Nh2 Bg3 53. Nf1 h4 54.
Kg1 Be1 55. Kg2 Bg3 56. Kg1 Be1 57. Kg2 Ke2 58. Nh2 Bg3 59. Ng4 Kd3 60. Nh6 Kd4 61. Ng4 Kd5 62. Kf1 Kd4 63. Ke2 Kc4 64. Nh6 Kd4 65.
Ng4 Kc4 66. Nh6 Kd4 67. Ng4 1/2-1/2

[Event "*** SCC Grand Prix: Titled Tuesday Blitz"]
[Site "Chess.com"]
[Date "2020.08.25"]
[Round "8"]
[White "Paladin61"]
[Black "Izoria123"]
[Result "0-1"]
[WhiteElo "2675"]
[BlackElo "2847"]
[TimeControl "180+1"]
[EndTime "11:37:47 PDT"]
[Termination "Izoria123 won by checkmate"]

1. b3 a5 2. Bb2 a4 3. e3 e6 4. c4 axb3 5. axb3 Rxa1 6. Bxa1 Nf6 7. Nf3 Be7 8. d4 O-O 9. Bd3 Nc6 10. Nc3 Nb4 11. Bb1 d5 12. O-O b6 13. Ne5 Bb7 14.
Bb2 c5 15. Nb5 cxd4 16. exd4 Nd7 17. Nf3 Ba6 18. Qe2 dxc4 19. bxc4 Bxb5 20. cxb5 Nd5 21. Rc1 Qa8 22. Qc2 g6 23. h3 Ba3 24. Qb3 Bxb2 25. Qxb2 Qa5 26. Be4 N7f6 27. Bxd5 Nxd5 28. Ne5 Ra8 29.
Qb3 Qd2 30. Rd1 Qf4 31. Nc6 Qe4 32. Qb1 Qxb1 33. Rxb1 Ra2 34. Rb3 Rd2 35. Rf3 g5 36. Ne5 f6 37. Nc6 Rb2 38. Ra3 Rxb5 39. Ra7 Rb1+ 40.
Kh2 Rb2 41. Kg1 Rb1+ 42. Kh2 h5 43. Ne7+ Nxe7 44. Rxe7 Re1 45. Rb7 Rb1 46. Re7 Re1 47. Rb7 Rd1 48. Rxb6 Kf7 49. Rb7+ Kg6 50. Rb6 Kf5 51.
Rb5+ Ke4 52. Rb6 Kd5 53. Rb5+ Kxd4 54. Rb7 Ke5 55. Rh7 h4 56. Ra7 Rd2 57. Ra5+ Rd5 58. Ra4 Kf5 59. Kg1 Rd1+ 60. Kh2 Rd2 61. Kg1 e5 62.
Ra5 Kf4 63. Ra8 e4 64. Ra4 f5 65. Kf1 Rb2 66. Ke1 Rb1+ 67. Ke2 Rb2+ 68. Kf1 g4 69. hxg4 fxg4 70. Ra8 g3 71. Rf8+ Ke5 72. fxg3 hxg3 73. Rg8 Kf4 74. Rf8+ Ke3 75. Re8 Rb1# 0-1

[Event "*** SCC Grand Prix: Titled Tuesday Blitz"]
[Site "Chess.com"]
[Date "2020.08.25"]
[Round "8"]
[White "ural58"]
[Black "Duong57"]
[Result "0-1"]
[WhiteElo "2482"]
[BlackElo "2374"]
[TimeControl "180+1"]
[EndTime "11:37:47 PDT"]
[Termination "Duong57 won on time"]

1. e4 c5 2. b3 Nc6 3. Bb2 e5 4. f4 d6 5. Qf3 Nf6 6. Bb5 Bd7 7.
Ne2 Nd4 8. Nxd4 cxd4 9. Bxd7+ Qxd7 10. c3 dxc3 11. Nxc3 Be7 12. O-O-O O-O 13. d4 exd4 14. Rxd4 Qc6 15. Kb1 Rac8 16. Rc1 Qb6 17. Qd3 Rfd8 18. h3 d5 19. Nxd5 Rxc1+ 20. Bxc1 Nxd5 21. Rxd5 Rc8 22. Be3 Qc6 23. a4 a6 24. e5 g6 25. g4 b5 26. a5 Bb4 27. Rd8+ Kg7 28. f5 Qh1+ 29. Kb2 Qg2+ 30. Bd2 Rxd8 31. f6+ Kg8 32. Qxd8+ Bf8 33. Kc2 Qe4+ 34. Kd1 Qb1+ 35. Ke2 Qxb3 36. Qc8 Qb2 37. Kd3 Qxe5 38. g5 Qd5+ 39. Ke2 Qe4+ 40. Be3 Qc4+ 41.
Qxc4 bxc4 42. Bb6 Bb4 43. Ke3 Kf8 44. Kd4 Bd2 45. h4 Be1 46. Kxc4 Bxh4 47. Be3 Ke8 48. Kc5 Kd7 49. Kb6 Be1 50. Kxa6 Kc6 51. Bb6 Bd2 52. Ka7 Bf4 53. a6 Bxg5 54. Bf2 Bf4 55. Ka8 Be5 56. Ka7 Bd6 57. Be3 Be5 58. Ka8 Bd6 59. Bh6 Be5 60.
Bg5 Kb6 61. a7 Kc6 62. Be3 Bc7 63. Bd4 Bd6 0-1

[Event "*** SCC Grand Prix: Titled Tuesday Blitz"]
[Site "Chess.com"]
[Date "2020.08.25"]
[Round "8"]
[White "Jumbo"]
[Black "karinachess1"]
[Result "1-0"]
[WhiteElo "2777"]
[BlackElo "2487"]
[TimeControl "180+1"]
[EndTime "11:37:48 PDT"]
[Termination "Jumbo won on time"]

1. d4 Nf6 2. Bf4 d5 3. e3 e6 4.
Nf3 Bd6 5. Bg3 O-O 6. c4 dxc4 7. Bxc4 c5 8. Nc3 cxd4 9. Nxd4 a6 10. Nc6 Nxc6 11. Bxd6 Re8 12. O-O b5 13. Be2 Bb7 14.
Rc1 Qb6 15. Bg3 Red8 16. Qc2 Rac8 17. Rfd1 Nb4 18. Qb1 Nbd5 19. Nxd5 Bxd5 20. Bd3 Qb7 21. f3 h6 22. Rxc8 Rxc8 23. b3 Bc6 24. e4 b4 25.
Rc1 Bd7 26. Rxc8+ Qxc8 27. Qc2 Qb7 28. Qc5 Ne8 29. Be1 Bb5 30. Qxb4 Qc6 31. Bxb5 axb5 32. Qc3 Qd7 33. Qd2 Qa7+ 34. Bf2 Qc7 35. a4 bxa4 36. bxa4 Nd6 37. h3 Nb7 38. Be3 Kh7 39. Qd4 Qc6 40.
Qb6 Qc8 41. Qb4 Qc6 42. Kf2 Qa6 43. Bd2 Nd6 44. a5 Nc4 45. Bc3 Qc6 46. Kg1 e5 47.
Kh1 Nd6 48. Bxe5 Nb5 49. Kh2 f6 50. Bg3 h5 51. Qb3 g5 52. Qd5 Qa6 53. Qf7+ Kh6 54. e5 h4 55. Bf2 fxe5 56. Be3 Nd4 57. Qf8+ Kh7 58. Qe7+ Kh8 59. Qxg5 Nxf3+ 60. gxf3 Qe2+ 61.
Kg1 Qe1+ 62. Kg2 Qe2+ 63. Bf2 1-0

[Event "*** SCC Grand Prix: Titled Tuesday Blitz"]
[Site "Chess.com"]
[Date "2020.08.25"]
[Round "8"]
[White "mirceaparligras"]
[Black "Shield12"]
[Result "1/2-1/2"]
[WhiteElo "2681"]
[BlackElo "2845"]
[TimeControl "180+1"]
[EndTime "11:37:49 PDT"]
[Termination "Game drawn - insufficient material"]

1. e3 e5 2. d4 Nc6 3. Nf3 exd4 4. exd4 d5 5. c4 Nf6 6. Nc3 Be7 7. cxd5 Nxd5 8.
Bc4 Be6 9. Bb5 O-O 10. Bxc6 bxc6 11. Ne5 Nxc3 12. bxc3 c5 13. Nc6 Qd7 14. Nxe7+ Qxe7 15. O-O cxd4 16. cxd4 Bd5 17. Re1 Qd7 18. Bf4 c6 19. Qd2 f6 20. Bg3 h5 21. h4 Qf5 22. Qf4 Qg6 23.
a3 Rae8 24. Kh2 a6 25. Qd2 Qg4 26. Qf4 Qg6 27. Qd2 Re4 28. Rxe4 Bxe4 29. f3 Bd5 30. Re1 Re8 31. Rxe8+ Qxe8 32. Bf4 Qe7 33. Qe3 Qd7 34.
Kg3 a5 35. Kh2 a4 36. Bg3 Qf5 37. Qe8+ Kh7 38. Qe3 Qc2 39. Bf4 Qb3 40. Qxb3 axb3 41.
Bc1 Kg6 42. a4 Kf5 43. a5 Bc4 44. Kg3 g5 45. hxg5 fxg5 46. Kf2 Ke6 47. Ke3 Kd5 48. Bb2 h4 49. f4 g4 50. f5 Bf1 51. Kf2 Bd3 52.
f6 Ke6 53. Ke3 Bf1 54. Kf2 Bc4 55. Ke3 Kxf6 56. d5+ Ke7 57. dxc6 Kd6 58. Kf4 Be6 59. a6 Kxc6 60. a7 Kb7 61. Bd4 Bc8 62. Ke3 g3 63. Ke2 h3 64. gxh3 Bxh3 65. Kf3 g2 66. Kf2 Ka8 67.
Kg1 Bf5 68. Kxg2 b2 69. Bxb2 Kxa7 1/2-1/2

[Event "*** SCC Grand Prix: Titled Tuesday Blitz"]
[Site "Chess.com"]
[Date "2020.08.25"]
[Round "8"]
[White "TokChess"]
[Black "ruslansezdbekov"]
[Result "1-0"]
[WhiteElo "2431"]
[BlackElo "2525"]
[TimeControl "180+1"]
[EndTime "11:37:50 PDT"]
[Termination "TokChess won by checkmate"]

1. e4 c5 2. Nf3 d6 3. Bc4 Nc6 4. c3 Nf6 5. d3 g6 6. O-O Bg7 7. Re1 O-O 8. d4 cxd4 9. cxd4 Bg4 10. Nc3 Rc8 11. Be2 Nd7 12. Be3 a6 13. Rc1 Bxf3 14.
Bxf3 b5 15. Nd5 e6 16. Nc3 Na5 17. b3 Qe7 18. Qd2 Nc6 19. g3 Ncb8 20. Bg2 Nb6 21.
d5 N8d7 22. dxe6 fxe6 23. Red1 Qf6 24. Ne2 Rxc1 25. Rxc1 d5 26. exd5 Nxd5 27. Bxd5 exd5 28.
Qxd5+ Rf7 29. Nf4 Nf8 30. Rc7 Qa1+ 31. Kg2 Qf6 32. Bd4 Qf5 33. Bxg7 Kxg7 34. Qxf5 gxf5 35.
Rc6 Ra7 36. Ne6+ Nxe6 37. Rxe6 a5 38. Rb6 a4 39. Rxb5 axb3 40. axb3 Kg6 41. h4 Rf7 42.
Kf3 h6 43. Kf4 Rd7 44. Rb6+ Kf7 45. Rxh6 Rd2 46. f3 Rb2 47. Kxf5 Rxb3 48. Kg4 Rb4+ 49. f4 Kg7 50. Rc6 Rb3 51. h5 Rb7 52. Kh4 Rf7 53.
Kg5 Kh7 54. f5 Rg7+ 55. Rg6 Rf7 56. g4 Ra7 57. Re6 Rf7 58. h6 Ra7 59. Kh5 Rb7 60. g5 Rb5 61. g6+ Kg8 62. Re8# 1-0

[Event "*** SCC Grand Prix: Titled Tuesday Blitz"]
[Site "Chess.com"]
[Date "2020.08.25"]
[Round "8"]
[White "azikom"]
[Black "A-Fier"]
[Result "0-1"]
[WhiteElo "2631"]
[BlackElo "2759"]
[TimeControl "180+1"]
[EndTime "11:37:53 PDT"]
[Termination "A-Fier won by resignation"]

1. d4 Nf6 2. Nf3 e6 3. Bf4 d5 4. e3 Bd6 5. Bg3 O-O 6. Nbd2 b6 7. c4 Bb7 8. a3 Nbd7 9. cxd5 Bxd5 10. Bc4 Qe7 11. O-O Bxg3 12. hxg3 c5 13. Rc1 Rfd8 14. Qe2 e5 15. Bxd5 Nxd5 16. Qc4 N5f6 17. Rfe1 e4 18.
Nh2 cxd4 19. exd4 Re8 20. Nhf1 a6 21. Ne3 b5 22. Qc6 Qe6 23. Qxe6 Rxe6 24. Nb3 g6 25. Rc7 Rd6 26. Rec1 Nb6 27. R1c6 Rad8 28. Nc5 Nfd5 29. Nxd5 Nxd5 30. Rxd6 Rxd6 31. Ra7 e3 32. fxe3 Nxe3 33.
Rxa6 Rxd4 34. Kf2 Ng4+ 35. Kf3 h5 36. Ne4 Kg7 37. Ra7 Rd1 38. Ng5 Rf1+ 39. Ke4 Rf5 40. Nf3 Nf6+ 41. Kd3 Rd5+ 42. Kc2 Ne4 43. a4 bxa4 44.
Rxa4 Nxg3 45. b4 Nf5 46. Kc3 Ne3 47. Ra5 Rd8 48. g3 Nf5 49. Ne5 Re8 50. g4 hxg4 51. Nxg4 Rc8+ 52. Rc5 Rb8 53. b5 Nd6 54. Kb4 f5 55.
Ne5 g5 56. Rc7+ Kh6 57. Rc5 Kh5 58. Rd5 Ne4 59. Nc6 Rf8 60. b6 f4 61. b7 f3 62.
Rf5 Rxf5 63. b8=Q f2 64. Qh2+ Kg6 65. Ne7+ Kf6 66. Nxf5 f1=Q 67. Nd4 Qb1+ 68. Kc4 Qc1+ 69. Kd5 Nc3+ 70. Kd6 Qf4+ 71. Qxf4+ gxf4 72. Nf3 Kf5 73. Kc5 Ke4 74. Ng5+ Ke3 75. Kc4 Ne4 76. Nh3 f3 77. Kd5 Ng5 78. Nxg5 f2 79. Ne6 f1=Q 80. Nd4 Qd3 0-1

[Event "*** SCC Grand Prix: Titled Tuesday Blitz"]
[Site "Chess.com"]
[Date "2020.08.25"]
[Round "8"]
[White "Caterpiller35"]
[Black "BlackBoarder"]
[Result "0-1"]
[WhiteElo "2348"]
[BlackElo "2534"]
[TimeControl "180+1"]
[EndTime "11:37:53 PDT"]
[Termination "BlackBoarder won on time"]

1. d4 e6 2. Bf4 Nf6 3. e3 c5 4.
c3 Nc6 5. Nd2 Be7 6. Ngf3 d5 7.
Bd3 Nh5 8. Bg3 O-O 9. Ne5 g6 10. f4 Qb6 11. Rb1 Nxe5 12. fxe5 Bd7 13. Bf2 Bb5 14. Bc2 Ng7 15. h4 Qa6 16. h5 Bd3 17.
hxg6 fxg6 18. Bxd3 Qxd3 19. Nf3 Qe4 20. Rc1 cxd4 21.
cxd4 Rac8 22. O-O Nf5 23. Qb3 b6 24. Qa4 Rxc1 25. Rxc1 Kf7 26. Qxa7 h6 27. Rc7 Qb1+ 28. Kh2 Qxb2 29. Bh4 g5 30. Bxg5 hxg5 31. Nxg5+ Kg6 32. Rxe7 Nxe7 33. Qxe7 Qf2 34. Nh3 Qf7 35. Qg5+ Kh7 36. Qh4+ Kg8 37. Ng5 Qg6 38. Qg3 Rf5 39. Nf3 Qxg3+ 40.
Kxg3 Kf7 41. Kf2 Ke7 42. Ke2 Rf8 43. Kd3 Ra8 44. g4 Rxa2 45. Kc3 Re2 46. Kd3 Rg2 47. g5 Kd7 48. e4 Rg3 49. Ke3 dxe4 50. Kxe4 b5 51. Kf4 Rg2 52. Ne1 Rf2+ 53. Ke3 Rf1 54. Nd3 Rg1 55. Kf4 Kc6 56. Nc5 Kd5 57. Nd7 b4 58. g6 Rxg6 0-1

[Event "*** SCC Grand Prix: Titled Tuesday Blitz"]
[Site "Chess.com"]
[Date "2020.08.25"]
[Round "8"]
[White "GMJustin"]
[Black "Grandmaster2B"]
[Result "0-1"]
[WhiteElo "2245"]
[BlackElo "2413"]
[TimeControl "180+1"]
[EndTime "11:37:55 PDT"]
[Termination "Grandmaster2B won on time"]

1. e4 c5 2. Nf3 d6 3. d4 cxd4 4.
Nxd4 Nf6 5. Nc3 a6 6. Nb3 g6 7.
Be2 Bg7 8. Be3 O-O 9. g4 b5 10. e5 dxe5 11. Bf3 Qxd1+ 12. Rxd1 Bxg4 13. Bxa8 Bxd1 14. Kxd1 Ne8 15. Ke2 Nd6 16. Nd5 e6 17. Ne7+ Kh8 18. Bc5 Nc4 19. Nxg6+ hxg6 20. Bxf8 Bxf8 21. Rd1 Be7 22.
Nc5 Nxb2 23. Rb1 Nc4 24. Nd3 Na3 25. Rb3 Nxc2 26. Rc3 Nd4+ 27. Kd1 Bd6 28. Rc8+ Kg7 29. Nc5 a5 30. Bb7 a4 31. Ne4 Nd7 32. Nxd6 Nb6 33. Ne8+ Kf8 34. Rb8 Nd7 35. Ra8 Ke7 36. Nc7 Nc5 37.
Bg2 b4 38. Ra7 Kd6 39. Na6 b3 40. axb3 axb3 41. Nxc5 Kxc5 42. Rb7 Kc4 43. Kc1 Kc3 44. Kb1 Nc2 45. Rb8 Na3+ 46. Kc1 Nc4 47. Rb7 b2+ 48. Kb1 Na3+ 49. Ka2 Nc4 50. Rb8 Nd2 51. Bh1 b1=Q+ 52. Rxb1 Nxb1 53. Kxb1 Kd2 54. Kb2 Ke1 55. Kc3 Kxf2 56.
Kd3 Kg1 57. Bb7 Kxh2 58. Ke4 f6 59. Bc8 Kg3 60. Bxe6 Kh4 61. Bc8 Kg5 62. Bd7 Kh6 63. Bc8 Kg7 64. Bd7 Kf7 65. Bh3 Ke7 66. Bg4 Kd6 67. Bc8 f5+ 68. Ke3 Ke7 69. Bb7 Kf6 70.
Bc6 e4 71. Bb7 Ke5 0-1

[Event "*** SCC Grand Prix: Titled Tuesday Blitz"]
[Site "Chess.com"]
[Date "2020.08.25"]
[Round "8"]
[White "RobPeresian"]
[Black "AndreyNeves"]
[Result "1/2-1/2"]
[WhiteElo "2378"]
[BlackElo "2209"]
[TimeControl "180+1"]
[EndTime "11:37:59 PDT"]
[Termination "Game drawn by stalemate"]

1. Nf3 d5 2. d4 Nf6 3. c4 e6 4. Nc3 Be7 5. Bg5 h6 6. Bxf6 Bxf6 7. e3 O-O 8. Qc2 c5 9. cxd5 exd5 10. dxc5 Qa5 11.
Rc1 Qxc5 12. Be2 Nc6 13. O-O d4 14. Ne4 Qe7 15. Nxf6+ Qxf6 16. Nxd4 Nxd4 17. exd4 Qxd4 18. Rfd1 Qb6 19. b3 Be6 20. Qc7 Qxc7 21. Rxc7 Rfc8 22.
Rxb7 Rc2 23. Bf3 Rxa2 24. b4 Rc8 25. b5 g6 26. b6 axb6 27. Rxb6 Rcc2 28. Rbb1 Rxf2 29.
Ra1 Rxa1 30. Rxa1 Rb2 31. Rf1 Kg7 32. h3 Bc4 33. Rf2 Rb1+ 34. Kh2 h5 35. Rc2 Be6 36.
Rc7 Kf6 37. Rb7 Re1 38. Rb6 Ke5 39. Rb2 Kf4 40. Rb4+ Ke5 41. Rb2 h4 42. Re2+ Rxe2 43. Bxe2 Kf4 44. Bf3 Bc4 45. Bb7 Bd3 46. Bc6 g5 47. Bd5 f5 48. Be6 Be4 49. Bd7 g4 50.
hxg4 fxg4 51. g3+ hxg3+ 52. Kg1 Bf5 53. Bc6 Be4 54. Bd7 Bf3 55. Be8 Kg5 56. Bd7 Kh4 57.
Be8 Kh3 58. Bd7 g2 59. Be8 Kg3 60. Bd7 Kf4 61. Be8 Be4 62. Bd7 Bf5 63. Bc6 g3 64.
Bxg2 Bg4 65. Bc6 Bf3 66. Bxf3 Kxf3 67. Kf1 g2+ 68. Kg1 Kg3 1/2-1/2